 Dungeon Crawl Stone Soup version 0.27-a0-1378-gdefffd1ff6 (webtiles) character file.

Game seed: 13093129585979635865

91 Arzdou the Digger (level 4, -1/26 HPs)
             Began as a Gargoyle Earth Elementalist on June 29, 2021.
             Killed by divine providence
             ... invoked by an orc priest
              (11 damage)
             ... on level 3 of the Dungeon.
             The game lasted 00:09:59 (2403 turns).

Arzdou the Digger (Gargoyle Earth Elementalist)     Turns: 2403, Time: 00:09:59

Health: -1/26      AC:  5    Str: 18    XL:     4   Next: 59%
Magic:  8/8        EV: 12    Int: 16    God:
Gold:   83         SH:  0    Dex: 10    Spells: 2/8 levels left

rFire    + . .     SeeInvis .   g - staff of fire
rCold    . . .     Faith    +   (no shield)
rNeg     + . .     Spirit   .   b - +0 robe
rPois    ∞         Reflect  .   (no helmet)
rElec    +         Harm     .   (no cloak)
rCorr    .         Rampage  .   (no gloves)
Will     .....                  (no boots)
Stlth    ++........             l - amulet of faith
HPRegen  0.08/turn              f - +6 ring of strength
MPRegen  0.11/turn              (no ring)

@: no status effects
A: sickness immunity, AC +3, negative energy resistance 1, electricity
resistance, torment resistance 1, petrification resistance
a: no special abilities


You were on level 3 of the Dungeon.
You visited 1 branch of the dungeon, and saw 3 of its levels.

You collected 83 gold pieces.

Inventory:

Hand Weapons
 d - a +0 dagger
 e - a +0 whip
Missiles
 c - 49 stones
Armour
 b - a +0 robe (worn)
Magical Staves
 g - a staff of fire (weapon)
Jewellery
 f - a +6 ring of strength (left hand)
 l - an amulet of faith (around neck)
Scrolls
 h - 2 scrolls of identify {unknown}
 i - a scroll of blinking {unknown}
 j - 2 scrolls of amnesia {unknown}
Potions
 a - a potion of invisibility {unknown}
 k - a potion of brilliance {unknown}
 m - a potion of might {unknown}


   Skills:
 * Level 1.7 Fighting
 - Level 0.4(0.5) Maces & Flails
 + Level 0.4(0.5) Staves
 + Level 2.0 Dodging
 + Level 2.4 Stealth
 + Level 2.9 Spellcasting
 + Level 0.7 Transmutations
 + Level 4.3 Earth Magic


You had 2 spell levels left.
You knew the following spells:

 Your Spells              Type           Power      Damage    Failure   Level
a - Sandblast             Erth           32%        2d9       3%          1
b - Passwall              Tmut/Erth      8%         N/A       10%         2
c - Stone Arrow           Conj/Erth      18%        3d8       24%         3

Your spell library contained the following spells:

 Spells                   Type           Power      Damage    Failure   Level
 Petrify                  Tmut/Erth      10%        N/A       54%         4
 Lee's Rapid Deconstruct  Erth           8%         3d8*      65%         5


Dungeon Overview and Level Annotations

Branches:
Dungeon (3/15)

Altars:


Innate Abilities, Weirdness & Mutations

You are immune to sickness and miasma.
Your stone body is resilient. (AC +3)
You are immune to poison.
You resist negative energy. (rN+)
You are resistant to electric shocks. (rElec)
You are resistant to unholy torment.
You are immune to petrification.


Message History

Confirm with . or Enter, or press ? or * to list all spells.
Aiming: Sandblast (safe; 3% risk of failure)
Press: ? - help, Shift-Dir - straight line, f - rat
Aim: a rat (79% to hit)
The blast of sand misses the rat.
The rat bites you but does no damage.
You hit the rat.
The rat is severely wounded.
The rat bites you but does no damage.
You barely miss the rat.
The rat is severely wounded.
The rat closely misses you.
You barely miss the rat.
The rat is severely wounded.
The rat closely misses you.
You hit the rat.
You kill the rat!
You see here a rat corpse.
An endoplasm comes into view.
An endoplasm is nearby!
The endoplasm completely misses you.
Casting: Sandblast (safe; 3% risk of failure)
Confirm with . or Enter, or press ? or * to list all spells.
Aiming: Sandblast (safe; 3% risk of failure)
Press: ? - help, Shift-Dir - straight line, f - endoplasm
Aim: an endoplasm (98% to hit)
The blast of sand hits the endoplasm!
You kill the endoplasm!
An orc comes into view. It is wielding a +0 club.
An orc priest comes into view. It is wielding a +0 dagger.
An orc comes into view. It is wielding a +0 hand axe.
An orc priest comes into view. It is wielding a +0 dagger.
The orc priest shouts!
You hear a shout! x3
You hear a shout!
The orc priest invokes the aid of Beogh against you.
Beogh smites you!
Ouch! That really hurt!
The orc shouts!
The orc priest mumbles some strange prayers to Beogh against you.
Beogh smites you!
You die...

#....#.#
#....#.#
#......#
#...#.##
#...#..#
##.###.# #.#
#.#
#####.###.##
#......##@.#
#......###.#
#....†.# #.#
#......# #..
+......#
##.#
#......# o#
######## oo
#o


You could see 2 orc priests and 2 orcs.

Vanquished Creatures
  4 adders
  3 dart slugs
  6 bats
  5 endoplasms
  2 giant cockroaches
  6 hobgoblins
  3 kobolds
  A quokka (D:2)
  5 ball pythons
  4 frilled lizards
  6 goblins
  4 rats
49 creatures vanquished.

Notes
Turn   | Place    | Note
-------+----------+-------------------------------------------
     0 | D:1      | Arzdou the Gargoyle Earth Elementalist began the quest for
                  | the Orb.
     0 | D:1      | Reached XP level 1. HP: 10/10 MP: 3/3
   253 | D:1      | Reached XP level 2. HP: 16/16 MP: 3/5
   790 | D:1      | Reached skill level 1 in Fighting
  1014 | D:2      | Reached skill level 4 in Earth Magic
  1017 | D:2      | Reached XP level 3. HP: 18/20 MP: 2/6
  1497 | D:2      | Reached XP level 4. HP: 21/25 MP: 4/8
  2194 | D:3      | Learned a level 2 spell: Passwall
  2198 | D:3      | Learned a level 3 spell: Stone Arrow
  2403 | D:3      | Killed from afar by an orc priest

Illustrated notes

Levels and vault maps discovered:
D:1:      dpeg_arrival_tiny_a, layout_loops_cross
D:2:      layout_rooms, grunt_ministairs_11, minmay_goblin_kobold_house
D:3:      layout_basic

Skill      XL: |  1  2  3  4 |
---------------+-------------+-----
Fighting       | 1 |  1.7
Earth Magic    | 4 |  4.3
Dodging        | 2 |  2.0
Maces & Flails | |  0.4
Staves         | |  0.4
Stealth        | |  2.4
Spellcasting   | |  2.9
Transmutations | |  0.7

Action                   |  1- 3 |  4- 6 || total
-------------------------+-------+-------++-------
Melee: Whip              |    27 |       ||    27
       Unarmed           |    14 |       ||    14
       Staff             |    43 |    42 ||    85
 Cast: Sandblast         |    32 |    17 ||    49
 Stab: Sleeping          |     1 |       ||     1
Armor: Robe              |    36 |    19 ||    55
Dodge: Dodged            |    84 |    36 ||   120

Table legend: (Time is in decaauts)
 A = Elapsed time spent in this place.
 B = Non-inter-level travel time spent in this place.
 C = Inter-level travel time spent in this place.
 D = Time resting spent in this place.
 E = Time spent auto-exploring this place.
 F = Levels seen in this place.
 G = Mean time per level.
                   A        B        C        D        E       F      G
               +--------+--------+--------+--------+--------+-----+--------+
         Total |   2419 |   2384 |     35 |      0 |   1916 |   3 |  806.3 |
       Dungeon |   2419 |   2384 |     35 |      0 |   1916 |   3 |  806.3 |
               +--------+--------+--------+--------+--------+-----+--------+

Top non-repeatable levels by time:
     D:2: 1153 daAuts
     D:1: 955 daAuts
     D:3: 310 daAuts
